 Dungeon Crawl Stone Soup version 0.19-a0-1895-g783e625 (webtiles) character file.

63 dobroeutro the Bolt Thrower (level 4, 0/27 HPs)
             Began as a Kobold Hunter on Oct 19, 2016.
             Slain by a bat (1 damage)
             ... on level 2 of the Dungeon.
             The game lasted 00:01:49 (995 turns).

dobroeutro the Bolt Thrower (Kobold Hunter)          Turns: 995, Time: 00:01:51

Health: 0/27       AC:  4    Str: 10    XL:     4   Next: 30%
Magic:  4/4        EV: 14    Int: 12    God:
Gold:   62         SH:  0    Dex: 15    Spells: 0 memorised, 3 levels left

rFire  . . .     SeeInvis .     b - +0 short sword
rCold  . . .     Gourm    .     c - +0 leather armour
rNeg   . . .     Faith    .     (shield restricted)
rPois  .         Spirit   .     (no helmet)
rElec  .         Reflect  .     (no cloak)
rCorr  .         Harm     .     k - +0 pair of gloves
MR     .....                    (no boots)
Stlth  ++........               (no amulet)
                                (no ring)
                                (no ring)

@: no status effects
A: carnivore 3
a: no special abilities


You were on level 2 of the Dungeon.
You were not hungry.

You visited 1 branch of the dungeon, and saw 2 of its levels.

You collected 62 gold pieces.

Inventory:

Hand Weapons
 a - a +1 hand crossbow
 b - a +0 short sword (weapon)
Missiles
 d - 20 bolts
Armour
 c - a +0 leather armour (worn)
 k - a +0 pair of gloves (worn)
Scrolls
 e - a scroll of enchant weapon {unknown}
 h - 2 scrolls of identify {unknown}
 l - a scroll of enchant armour {unknown}
 n - a scroll of noise {unknown}
Potions
 g - a potion of ambrosia {unknown}
 i - 2 potions of curing {unknown}
 j - a potion of degeneration {unknown}
Comestibles
 f - 4 meat rations
 m - a beef jerky


   Skills:
 + Level 2.6 Fighting
 * Level 3.0 Short Blades
 + Level 5.2 Crossbows
 - Level 2.4 Dodging
 + Level 2.6 Stealth


You had 3 spell levels left.
You didn't know any spells.

Dungeon Overview and Level Annotations

Branches:
Dungeon (2/15)

Altars:


Innate Abilities, Weirdness & Mutations

You are small and have problems with some larger weapons.
You are carnivorous and can eat meat at any time.


Message History

You hit the adder.
The adder is almost dead.
The adder bites you.
* * * LOW HITPOINT WARNING * * *
The adder bites you but does no damage.
You hit the adder.
You kill the adder!
Your Short Blades skill increases to level 3!
You see here a scroll labeled WUODIUNKONG.
n - a scroll labeled WUODIUNKONG
* * * LOW HITPOINT WARNING * * *
You feel sick. The bat misses you. The bat hits you but does no damage.
* * * LOW HITPOINT WARNING * * *
You feel sick.
You are no longer poisoned.
The bat hits you but does no damage. The bat closely misses you.
The bat hits you.
You die...

#..####'#........#
##.........##+#####
...........# #.
...........# #. !#
##.........# .## .#
#.........## .<. .#
#.......).##.##.# .###
#.........##....###...#
#.........+..##@#...#.#
#.).......##.#..b.†...#
#####'#.#.##....#.....#
#.[...#.#.##....##.#.##
#.#................# #
#.#.#.#.#..#.###.#
#.#.#.#.#..†....##
#(#.#.#.##.#.##.#
......<....#.##.#


You could see a bat.

Vanquished Creatures
  2 adders (D:2)
  A worm (D:2)
  2 leopard geckos (D:1)
  A bat (D:1)
  3 giant cockroaches
  7 goblins
  2 hobgoblins (D:1)
  2 jackals (D:1)
  7 kobolds
  A quokka (D:2)
  A ball python (D:2)
  2 frilled lizards (D:1)
  8 rats
39 creatures vanquished.

Notes
Turn   | Place    | Note
-------+----------+-------------------------------------------
     0 | D:1      | dobroeutro the Kobold Hunter began the quest for the Orb.
     0 | D:1      | Reached XP level 1. HP: 12/12 MP: 1/1
    62 | D:1      | Reached skill level 1 in Short Blades
    77 | D:1      | Reached XP level 2. HP: 12/18 MP: 2/2
    92 | D:1      | Reached skill level 5 in Crossbows
   387 | D:1      | Reached XP level 3. HP: 20/22 MP: 3/3
   897 | D:2      | Reached XP level 4. HP: 18/27 MP: 4/4
   989 | D:2      | HP: 1/27 [poisoned by an adder]
   995 | D:2      | Slain by a bat

Vault maps used:
D:1:      minmay_arrival_stone_box
D:2:      lemuel_doored_altar, first_bread

Skill      XL: |  1  2  3  4 |
---------------+-------------+-----
Short Blades   | 1 2 3 |  3.0
Crossbows      | 5 |  5.2
Stealth        | 2 |  2.6
Fighting       | |  2.6
Dodging        | |  2.4

Action                   |  1- 3 |  4- 6 || total
-------------------------+-------+-------++-------
Melee: Short sword       |   116 |    31 ||   147
 Stab: Sleeping          |     3 |       ||     3
  Eat: Chunk             |       |     1 ||     1
Armor: Leather armour    |    23 |     7 ||    30
Dodge: Dodged            |    74 |    25 ||    99
